 Dungeon Crawl Stone Soup version 0.19.5 (webtiles) character file.

140 mcbry the Cudgeler (level 5, -2/55 HPs)
             Began as an Ogre Monk on May 18, 2017.
             Slain by a killer bee (8 damage)
             ... on level 4 of the Dungeon.
             The game lasted 00:12:09 (2055 turns).

mcbry the Cudgeler (Ogre Monk)                      Turns: 2055, Time: 00:12:10

Health: -2/55      AC:  3    Str: 17    XL:     5   Next: 22%
Magic:  5/5        EV: 10    Int:  9    God:
Gold:   156        SH:  0    Dex: 12    Spells: 0 memorised, 4 levels left

rFire  . . .     SeeInvis +     c - +4 flail
rCold  . . .     Gourm    .     b - +0 robe
rNeg   . . .     Faith    .     (no shield)
rPois  .         Spirit   .     (helmet restricted)
rElec  .         Reflect  .     (no cloak)
rCorr  .         Harm     .     (gloves unavailable)
MR     .....                    (boots unavailable)
Stlth  +.........               e - amulet of magic regeneration
                                (no ring)
                                i - ring of see invisible

@: confused, lethally poisoned (-2 -> -20)
A: unfitting armour, tough skin 1
a: no special abilities


You were on level 4 of the Dungeon.
You were not hungry.

You visited 1 branch of the dungeon, and saw 4 of its levels.

You collected 156 gold pieces.

Inventory:

Hand Weapons
 c - a +4 flail (weapon)
Armour
 b - a +0 robe (worn)
 k - a +0 buckler
Jewellery
 e - an amulet of magic regeneration (around neck)
 i - a ring of see invisible (left hand)
Scrolls
 d - 4 scrolls of identify
 o - a scroll of teleportation
Potions
 g - a potion of berserk rage {unknown}
 l - a potion of flight
Comestibles
 a - 3 chunks of flesh
 f - 2 bread rations
 h - 3 fruits
 n - a slice of pizza
 r - 3 meat rations


   Skills:
 + Level 4.6 Fighting
 * Level 7.2 Maces & Flails
 - Level 2.6 Dodging
 - Level 1.4 Stealth


You had 4 spell levels left.
You didn't know any spells.

Dungeon Overview and Level Annotations

Branches:
Dungeon (4/15)
 Temple: D:4-7

Altars:
Ashenzari


Innate Abilities, Weirdness & Mutations

You are too large for most types of armour.
You have tough skin. (AC +1)


Message History

You barely miss the killer bee.
You feel sick. The killer bee stings you!
You are more poisoned.
The killer bee poisons you! The killer bee barely misses you.
You hit the killer bee.
The killer bee is lightly wounded.
You feel sick. The killer bee stings you!
* * * LOW HITPOINT WARNING * * *
The killer bee barely misses you.
You are confused.
You feel invigorated.
* * * LOW HITPOINT WARNING * * *
You feel sick. The killer bee stings you!
* * * LOW HITPOINT WARNING * * *
You are more poisoned.
The killer bee poisons you!
The killer bee stings you but does no damage.
You bump into the rock wall.
* * * LOW HITPOINT WARNING * * *
You feel sick. The killer bee barely misses you. The killer bee stings you!
You die...

#...#.# .#.. ...
#...#.###.#.#...##
#...#.##..#.#....
#...#.##.##.#..#
#...#.##.##.#..###
#..........รท.....#
##..#.##.#.....#...
#.............#
#.###.###..@###
#><...# #...y..#
#####.# #..###.#
#...#.# # #.##(# #.
#.# . ... . ..


You could see a killer bee.

Vanquished Creatures
  An orc priest (D:3)
  Terence (D:2)
  3 adders
  2 worms (D:3)
  A dart slug (D:2)
  A leopard gecko (D:2)
  3 orcs (D:3)
  4 giant cockroaches (D:1)
  6 goblins
  3 hobgoblins (D:2)
  3 jackals (D:4)
  A quokka (D:2)
  6 bats
  4 frilled lizards
  2 kobolds (D:1)
  9 rats
50 creatures vanquished.

Notes
Turn   | Place    | Note
-------+----------+-------------------------------------------
     0 | D:1      | mcbry the Ogre Monk began the quest for the Orb.
     0 | D:1      | Reached XP level 1. HP: 24/24 MP: 1/1
   170 | D:1      | Reached XP level 2. HP: 32/32 MP: 2/2
   771 | D:2      | Reached skill level 5 in Maces & Flails
   945 | D:2      | Reached XP level 3. HP: 32/39 MP: 3/3
  1279 | D:2      | Noticed Terence
  1323 | D:2      | Killed Terence
  1323 | D:2      | Reached skill level 6 in Maces & Flails
  1323 | D:2      | Reached XP level 4. HP: 49/49 MP: 4/4
  1460 | D:3      | Found a shattered altar of Ashenzari.
  1568 | D:3      | Reached skill level 7 in Maces & Flails
  1568 | D:3      | Reached XP level 5. HP: 52/55 MP: 5/5
  2055 | D:4      | Slain by a killer bee

Skill      XL: |  1  2  3  4 |
---------------+-------------+-----
Maces & Flails | 5 6 7 |  7.2
Fighting       | |  4.6
Dodging        | |  2.6
Stealth        | |  1.4

Action                   |  1- 3 |  4- 6 || total
-------------------------+-------+-------++-------
Melee: Mace              |   101 |       ||   101
       Flail             |       |    44 ||    44
  Use: Potion            |     5 |     1 ||     6
       Scroll            |       |     6 ||     6
 Stab: Sleeping          |     2 |       ||     2
  Eat: Chunk             |     1 |       ||     1
       Bread ration      |       |     1 ||     1
Armor: Robe              |    33 |    11 ||    44
       Skin              |    13 |       ||    13
Dodge: Dodged            |    74 |    22 ||    96
